 Dungeon Crawl Stone Soup version 0.18-a0-1343-g48c8f86 (webtiles) character file.

315 M4edhros the Insei (level 6, 0/47 HPs)
             Began as a Mummy Monk on Feb 16, 2016.
             Slain by a ball python (1 damage)
             ... in a sewer.
             The game lasted 00:07:34 (5281 turns).

M4edhros the Insei (Mummy Monk)                     Turns: 5281, Time: 00:07:34

Health: 0/47       AC:  1    Str: 14    XL:     6   Next: 20%
Magic:  6/6        EV: 10    Int:  9    God:
Gold:   128        SH:  0    Dex: 17    Spells: 0 memorised, 5 levels left

rFire  x . .     SeeInvis .       - Unarmed
rCold  + . .     Gourm    .     (no armour)
rNeg   + + +     Faith    .     (no shield)
rPois  ∞         Spirit   .     (no helmet)
rElec  .         Dismiss  .     (no cloak)
rCorr  .         Reflect  .     b - +0 pair of gloves
SustAt .         Harm     .     (no boots)
MR     .....                    (no amulet)
Stlth  +.........               (no ring)
                                (no ring)

@: constricted, not resistant to hostile enchantments, very unstealthy
A: no food or potions, fire vulnerability, cold resistance 1, negative energy
resistance 3, torment resistance, unbreathing
a: no special abilities


You were in a sewer.
You were not hungry.

You visited 1 branch of the dungeon, and saw 4 of its levels.
You also visited: Sewer.

You collected 128 gold pieces.

Inventory:

Armour
 b - a +0 pair of gloves (worn)
Wands
 h - a wand of paralysis (13/24)
 k - a wand of iceblast (5/15)
Scrolls
 a - a scroll of noise {unknown}
 c - 2 scrolls of enchant armour {unknown}
 d - 3 scrolls of blinking {unknown}
 e - 4 scrolls of identify {unknown}
 f - a scroll of random uselessness {unknown}
 g - a scroll of immolation {unknown}
 i - 2 scrolls of recharging {unknown}
 j - a scroll of enchant weapon {unknown}
 l - a scroll of fear {unknown}
 m - 2 scrolls of teleportation {unknown}


   Skills:
 - Level 3.0 Fighting
 + Level 3.0 Dodging
 - Level 1.5 Stealth
 - Level 6.0 Unarmed Combat


You had 5 spell levels left.
You didn't know any spells.

Dungeon Overview and Level Annotations

Branches:
Dungeon (4/15)
 Temple: D:4-7

Altars:
Ru

Annotations:
D:3 yogakurto's ghost, amateur HOBe


Innate Abilities, Weirdness & Mutations

You do not eat or drink.
Your flesh is vulnerable to fire.
You are immune to poison.
Your flesh is cold resistant.
You are immune to negative energy.
You are immune to unholy pain and torment.
You can survive without breathing.


Message History

Unknown command.
You hit the ball python.
You kill the ball python!
Your Dodging skill increases to level 3!
The giant newt misses you.
The ball python bites you but does no damage.
* * * LOW HITPOINT WARNING * * *
The ball python constricts you.
Unknown command.
Unknown command.
You barely miss the ball python. The ball python misses you.
* * * LOW HITPOINT WARNING * * *
The ball python constricts you. The giant newt bites you.
* * * LOW HITPOINT WARNING * * *
Unknown command.
Unknown command.
Unknown command.
You closely miss the ball python. The ball python bites you.
* * * LOW HITPOINT WARNING * * *
You die...

.##### .##..# ..'..#
..####
...#####################
.....≈≈≈≈≈≈≈≈≈≈≈≈≈≈≈≈...
.....≈≈≈≈≈≈≈≈≈≈≈≈≈≈≈≈...
.....≈≈≈≈≈≈≈≈≈≈≈S≈≈≈≈...
.....≈≈≈≈≈≈≈≈≈≈≈@l≈≈≈...
#....≈≈≈≈≈≈≈≈≈≈≈≈≈≈≈≈...
###..≈≈≈≈≈≈≈≈≈≈≈≈≈≈≈≈...
######################


You could see a ball python and a giant newt.

Vanquished Creatures
  Ijyb (D:2)
  Terence (D:2)
  5 river rats (Sewer)
  11 adders
  3 oozes
  3 worms
  4 giant geckos
  An orc (D:3)
  12 ball pythons
  3 giant cockroaches
  9 hobgoblins
  6 jackals
  4 kobolds
  A quokka (D:2)
  14 bats
  5 giant newts
  2 goblins
  25 rats
110 creatures vanquished.

Notes
Turn   | Place    | Note
--------------------------------------------------------------
     0 | D:1      | M4edhros the Mummy Monk began the quest for the Orb.
     0 | D:1      | Reached XP level 1. HP: 18/18 MP: 1/1
    56 | D:1      | Reached XP level 2. HP: 20/24 MP: 2/2
   808 | D:1      | Reached skill level 4 in Unarmed Combat
   934 | D:2      | Reached XP level 3. HP: 12/29 MP: 3/3
  1353 | D:2      | Noticed Terence
  1356 | D:2      | Noticed Ijyb
  2199 | D:2      | Reached XP level 4. HP: 24/35 MP: 4/4
  2262 | D:2      | Killed Ijyb
  2571 | D:3      | Found a sacrificial altar of Ru.
  2621 | D:3      | Identified a +1 rod of shadows (10/10) (You found it on level 3 of the Dungeon)
  2699 | D:3      | Reached skill level 5 in Unarmed Combat
  2760 | D:3      | Noticed yogakurto's ghost (amateur HOBe)
  3263 | D:2      | Killed Terence
  3263 | D:2      | Reached XP level 5. HP: 15/41 MP: 5/5
  3462 | D:2      | You fall through a shaft!
  3855 | D:4      | Found a glowing drain.
  4004 | Sewer    | Entered a sewer
  4571 | Sewer    | Reached skill level 6 in Unarmed Combat
  4731 | Sewer    | Reached XP level 6. HP: 33/47 MP: 6/6
  5281 | Sewer    | HP: 1/47 [ball python (2)]
  5281 | Sewer    | Slain by a ball python

Vault maps used:
D:1:      sevenhm_arrival_forest_fort_small_6
D:2:      uniq_terence, uniq_iyjb
D:3:      nicolae_ru_awakened_eye
D:4:      cheibrodos_ashenzari_chains, serial_shops, shop,
          gup_sewer_entry_glass, uniq_crazy_yiuf_cottage
Sewer:    sewer_minmay_w

Action                   |  1- 3 |  4- 6 || total
-------------------------+-------+-------++-------
Melee: Unarmed           |   180 |   262 ||   442
 Stab: Sleeping          |     4 |     4 ||     8
